Map: Ever Dream LE

Players

Practice

  • Race: Protoss Protoss
  • League: Grandmaster
  • Spawn Location: 7:00

Awers - Winner!

  • Race: Terran Terran
  • League: Grandmaster
  • Spawn Location: 1:00

VOD

Have the link to the VOD?

Description

Time

  • Played on: May 12, 2020, 10:41 a.m.
  • Length: 10:00
Show
View Real Time Build Order
Export as new Build Order

Practice Protoss 

Build Orders:  

Get SALT Encoding   

  12  0:00  Probe  
  13  0:13  Probe  
  14  0:19  Pylon  
  14  0:25  Probe (Chrono Boost)  
  15  0:37  Probe (Chrono Boost)  
  15  0:38  Gateway  
  16  0:46  Probe (Chrono Boost)  
  16  0:47  Assimilator  
  17  0:51  Probe  
  18  1:03  Probe  
  19  1:15  Probe  
  20  1:25  Cybernetics Core  
  20  1:28  Zealot  
  20  1:29  Probe  
  20  1:31  Pylon  
  23  1:33  Assimilator  
  23  1:49  Probe  
  24  2:00  Stalker (Chrono Boost)  
  25  2:01  Probe  
  25  2:03  Warp Gate  
  27  2:13  Probe  
  27  2:32  Nexus  
  27  2:35  Probe  
  28  2:39  Robotics Facility  
  28  2:48  Probe  
  29  2:54  Gateway  
  29  2:55  Gateway  
  29  3:01  Probe  
  30  3:13  Probe  
  30  3:17  Twilight Council  
  31  3:20  Pylon  
  31  3:29  Pylon  
  31  3:38  Probe  
  31  3:39  Observer (Chrono Boost)  
  29  3:52  Stalker x2  
  26  4:05  Probe  
  27  4:18  Probe (Chrono Boost)  
  28  4:27  Probe (Chrono Boost)  
  30  4:31  Probe (Chrono Boost)  
  30  4:35  Probe (Chrono Boost)  
  31  4:39  Probe (Chrono Boost)  
  32  4:51  Probe (Chrono Boost)  
  32  4:52  Probe (Chrono Boost)  
  34  4:58  Probe (Chrono Boost)  
  36  5:00  Probe (Chrono Boost)  
  36  5:05  Probe  
  36  5:07  Templar Archives  
  37  5:11  Probe (Chrono Boost)  
  38  5:17  Probe (Chrono Boost)  
  38  5:18  Charge  
  39  5:23  Probe (Chrono Boost)  
  39  5:27  Warp Prism  
  42  5:29  Probe (Chrono Boost)  
  42  5:31  Probe (Chrono Boost)  
  42  5:35  Probe  
  43  5:38  Probe  
  45  5:47  Probe  
  46  5:50  Probe  
  47  5:57  Forge  
  47  5:58  Forge  
  47  5:59  Probe  
  47  6:02  Probe  
  47  6:03  Pylon  
  49  6:14  Nexus  
  49  6:17  Probe  
  51  6:18  Probe  
  51  6:22  Pylon  
  51  6:25  Observer  
  52  6:26  Protoss Ground Weapons Level 1 (Chrono Boost), Protoss Ground Armor Level 1 (Chrono Boost)  
  52  6:30  Probe  
  51  6:40  Probe, Gateway  
  51  6:42  Probe  
  51  6:46  Gateway  
  53  6:52  Probe  
  54  6:56  Gateway  
  54  6:57  Gateway  
  54  7:06  Gateway  
  54  7:07  Probe, Pylon  
  54  7:08  Probe  
  56  7:16  Stalker x2  
  56  7:19  Stalker, Probe  
  63  7:24  Observer  
  63  7:27  Probe  
  63  7:28  Probe  
  65  7:31  Probe  
  66  7:40  Probe x2  
  68  7:47  Probe  
  68  7:49  Zealot x5  
  79  7:51  Pylon  
  79  7:52  Probe  
  79  7:55  Zealot x2  
  84  7:59  Observer  
  84  8:01  Probe  
  84  8:02  Probe  
  84  8:04  Probe  
  85  8:10  Gateway  
  85  8:12  Gateway  
  85  8:16  Photon Cannon, Pylon  
  85  8:27  Probe x2  
  85  8:30  Immortal  
  91  8:37  Zealot x3  
  97  8:51  Zealot x5  
  83  9:07  Zealot x5  
  93  9:13  Zealot x5  
  93  9:16  Immortal  
  107  9:27  Zealot x3  
  107  9:28  Zealot x2  
  117  9:33  Pylon  
  117  9:34  Pylon  
  117  9:36  Pylon  
Show
View Real Time Build Order
Export as new Build Order

Awers Terran - Winner!

Build Orders: Mech 

Get SALT Encoding   

  12  0:00  SCV  
  13  0:12  SCV  
  14  0:18  Supply Depot  
  14  0:25  SCV  
  15  0:40  SCV  
  15  0:41  Barracks  
  16  0:45  Refinery  
  16  0:52  SCV  
  16  0:55  Refinery  
  17  1:05  SCV  
  18  1:17  SCV  
  19  1:28  Marine  
  19  1:31  Orbital Command  
  20  1:34  Ghost Academy  
  20  1:47  Factory  
  20  1:57  SCV  
  21  2:03  Supply Depot  
  21  2:11  Personal Cloaking  
  21  2:13  SCV  
  22  2:21  Barracks Tech Lab  
  22  2:25  SCV  
  23  2:37  Widow Mine  
  25  2:41  Ghost  
  25  2:42  SCV  
  28  2:50  Supply Depot  
  28  3:09  Ghost  
  30  3:21  Command Center  
  32  3:30  SCV  
  31  3:34  Factory Tech Lab  
  31  3:38  Ghost  
  33  3:42  SCV, Supply Depot  
  34  3:54  SCV  
  33  4:06  SCV  
  33  4:07  Cyclone  
  35  4:18  SCV  
  35  4:22  Factory  
  34  4:30  SCV, Bunker  
  35  4:40  Refinery  
  35  4:41  Siege Tank  
  35  4:42  SCV  
  39  4:50  Refinery  
  39  4:52  Orbital Command  
  39  4:55  SCV  
  41  5:07  SCV, Starport, Factory Reactor  
  41  5:18  SCV  
  41  5:19  SCV  
  43  5:25  Siege Tank  
  46  5:30  SCV  
  46  5:31  SCV  
  46  5:34  Factory  
  48  5:42  SCV  
  49  5:43  SCV  
  49  5:44  Hellion x2  
  54  5:53  Factory  
  54  5:54  SCV  
  54  5:56  SCV, Starport Reactor  
  56  6:02  Supply Depot  
  56  6:05  Siege Tank  
  56  6:07  Barracks Reactor  
  56  6:09  SCV  
  56  6:11  SCV  
  61  6:16  Supply Depot  
  61  6:23  SCV, Hellion  
  64  6:26  Armory  
  64  6:28  SCV  
  67  6:32  Hellion  
  67  6:38  Supply Depot  
  67  6:40  Factory Tech Lab  
  67  6:45  Infernal Pre-Igniter  
  65  6:48  Siege Tank  
  65  6:50  Hellion x2  
  72  6:59  Siege Tank  
  72  7:00  Hellion  
  77  7:02  Supply Depot, Hellion  
  79  7:17  Terran Vehicle Weapons Level 1  
  79  7:18  Supply Depot  
  79  7:20  Thor  
  85  7:25  Hellion x4  
  85  7:26  Hellion  
  85  7:31  Thor  
  85  7:36  Hellion x2  
  93  7:37  Hellion  
  93  7:41  Hellion  
  95  7:50  Medivac x2  
  99  7:54  Supply Depot x2  
  99  8:06  Siege Tank  
  99  8:07  Hellion x2  
  99  8:10  Supply Depot, Hellion  
  108  8:15  Hellion  
  108  8:19  Siege Tank  
  113  8:29  Hellion x2  
  117  8:36  SCV x2  
  117  8:39  Hellion  
  117  8:40  Siege Tank  
  124  8:41  Viking  
  112  9:03  Siege Tank, Hellion x2  
  112  9:07  Hellion  
  121  9:12  Siege Tank  
  124  9:22  Engineering Bay  
  123  9:33  Hellion x2  
  123  9:36  Engineering Bay  
Tags
 
Composition
Mech
Matchup
PvT
Player
Awers
Spawn Locations
Cross Positions
Add a new tag
Caveats
  • Supply blocks, unpowered buildings, or Contaminate may cause inaccurate times.
  • Supply counts are checked every 10 seconds.